 Dungeon Crawl Stone Soup version 0.31-a0-271-gb88eb75e06 (webtiles) character file.

Game seed: 14482993232983948953

45010 Midn8 the Martial Artist (level 14, -4/154 HPs)
             Began as an Octopode Shapeshifter on July 14, 2023.
             Was the Champion of Okawaru.
             Slain by a hornet (10 damage)
             ... on level 5 of the Lair of Beasts.
             The game lasted 00:38:02 (14133 turns).

Midn8 the Martial Artist (Octopode Shapeshifter)   Turns: 14133, Time: 00:38:03

Health: -4/154     AC: 34    Str: 15    XL:     14   Next: 31%
Magic:  25/28      EV:  2    Int: 10    God:    Okawaru [******]
Gold:   1330       SH:  9    Dex: 17    Spells: 13/13 levels left

rFire   . .          .
                       - Unarmed
rCold   + . .        m - +3 buckler {AC+3}
rNeg    . . .        (helmet currently unavailable)
rPois   +            p - amulet "Teloxatt" {Acrobat Regen+}
rElec   .            h - ring of magical power
rCorr   .            l - +4 ring of protection
SInv    .            v - +5 ring of evasion
Will    +....        q - ring of protection from fire
Stlth   +++          (no ring)
HPRegen 1.25/turn    I - ring of ice
MPRegen 0.21/turn    (no ring)
                     (no ring)

%: acrobat
@: lethally poisoned (-4 -> -5), tree-form, heroic, finesse-ful, slowed,
studying Ranged Weapons, very slow
A: stationary, stasis, torment immunity, boosted hp, almost no armour,
(amphibious), 8 rings, (camouflage 1), (gelatinous body 1), (nimble swimmer 1),
(tentacles)
a: Renounce Religion, Heroism, Finesse, Duel


You were on level 5 of the Lair of Beasts.
You worshipped Okawaru.
Okawaru was exalted by your worship.
You were a tree.
You visited 3 branches of the dungeon, and saw 16 of its levels.
You also visited: Volcano.

You collected 1330 gold pieces.

Inventory:

Missiles
 f - 15 javelins
 s - 4 boomerangs
 A - 7 atropa-tipped darts
 B - 37 poisoned darts
 D - a curare-tipped dart
 E - 6 silver javelins
 N - 2 throwing nets
 R - a silver boomerang
Armour
 m - a +3 buckler of protection (worn)
Jewellery
 h - a ring of magical power (left branch)
 l - a +4 ring of protection (right branch)
 n - a ring of fire
 p - the amulet "Teloxatt" (around neck) {Acrobat Regen+}
   (You took it off an orc on level 4 of the Dungeon)

   [amulet of the acrobat]

   It increases your evasion while moving and waiting.
   Regen:     It increases your rate of health regeneration.
 q - a ring of protection from fire (on tentacle)
 v - a +5 ring of evasion (on tentacle)
 x - the amulet "Zubrit" {Acrobat Dex+4}
   (You found it on level 6 of the Dungeon)

   [amulet of the acrobat]

   It increases your evasion while moving and waiting.
   Dex:       It affects your dexterity (+4).
 I - a ring of ice (on tentacle)
Talismans
 b - a beast talisman
 d - a serpent talisman
Wands
 e - a wand of acid (13)
 r - a wand of paralysis (8)
 y - a wand of iceblast (14)
 z - a wand of mindburst (7)
 L - a wand of flame (13)
 O - a wand of polymorph (2)
Scrolls
 c - 3 scrolls of fear
 g - 5 scrolls of teleportation
 H - 2 scrolls of revelation
 J - 2 scrolls of fog
 M - a scroll of enchant weapon
 S - a scroll of blinking {unknown}
 T - a scroll of brand weapon {unknown}
Potions
 a - a potion of mutation
 i - 7 potions of brilliance
 j - 3 potions of magic
 k - 2 potions of enlightenment
 o - a potion of heal wounds
 t - 2 potions of invisibility
 u - 3 potions of lignification
 w - a potion of resistance
 C - 4 potions of curing
 F - 7 potions of might
 G - a potion of attraction
 K - 2 potions of cancellation
 P - a potion of haste {unknown}
Miscellaneous
 Q - a condenser vane


   Skills:
 - Level 12.0(17.0) Fighting
 - Level 6.0(11.0) Throwing
 - Level 10.0(15.0) Dodging
 + Level 14.5(19.5) Unarmed Combat
 - Level 7.0 Invocations
 - Level 9.0 Shapeshifting


You had 13 spell levels left.
You didn't know any spells.
Your spell library contained the following spells:

 Spells                   Type           Power      Damage    Failure   Level
 Kiss of Death            Conj/Necr      0%         2d5       43%         1
 Cigotuvi's Dreadful Rot  Necr/Pois/Air  0%         N/A       58%         2
 Confusing Touch          Hex            0%         N/A       82%         3
 Ignite Poison            Fire/Tmut/Pois 0%         N/A       82%         3
 Dispel Undead            Necr           0%         3d6       99%         4
 Freezing Cloud           Conj/Ice/Air   0%         6-21      100%        5
 Lee's Rapid Deconstruct  Erth           0%         3d4*      100%        5
 Summon Small Mammal      Summ           Unusable   N/A       N/A         1
 Call Canine Familiar     Summ           Unusable   N/A       N/A         3
 Summon Guardian Golem    Hex/Summ       Unusable   N/A       N/A         3
 Animate Armour           Summ/Erth      Unusable   N/A       N/A         4
 Summon Lightning Spire   Summ/Air       Unusable   N/A       N/A         4

Dungeon Overview and Level Annotations

Branches:
Dungeon (10/15)            Temple (1/1) D:5            Lair (5/5) D:10
 Shoals (0/4) Lair:2       Spider (0/4) Lair:2        Slime (0/5) Lair:5
Volcano (visited)
    Orc: D:9-12

Altars:
Ashenzari
Cheibriados
Dithmenos
Elyvilon
Fedhas
Gozag
Hepliaklqana
Kikubaaqudgha
Makhleb
Nemelex Xobeh
Okawaru
Qazlal
Ru
Sif Muna
Trog
Uskayaw
Vehumet
Wu Jian
Xom
Yredelemnul
Zin
The Shining One
Jiyva


Innate Abilities, Weirdness & Mutations

You are a tree.
Your roots penetrate the ground, keeping you stationary.
You cannot be teleported.
You are immune to unholy pain and torment.
Your maximum health is greatly increased.
You cannot wear most types of armour.
((You are amphibious.))
You can wear up to eight rings at the same time.
((Your skin changes colour to match your surroundings (Stealth+).))
((Your rubbery body absorbs attacks. (AC +1, EV +1)))
((You are camouflaged when in or above water. (Stealth+)))
((You have tentacles for arms and can constrict up to eight enemies at once.))


Message History

The lindwurm claws you but does no damage. x2
You completely miss the lindwurm.
The lindwurm is severely wounded.
The hornet stings you but does no damage.
You block the hornet's attack.
You smack the lindwurm!
The lindwurm is almost dead.
The hornet stings you but does no damage.
The lindwurm bites you.
* * * LOW HITPOINT WARNING * * *
The lindwurm claws you but does no damage. x2
The hornet barely misses you.
You hit the lindwurm.
The lindwurm is almost dead.
The hornet stings you but does no damage. x2
The lindwurm breathes flames at you. The blast of flame hits you!
* * * LOW HITPOINT WARNING * * *
Unknown command.
You completely miss the lindwurm.
The lindwurm is almost dead.
You block the hornet's attack. The hornet stings you!
* * * LOW HITPOINT WARNING * * *
You are poisoned.
You feel as though you will be slow longer.
You hit the lindwurm.
The lindwurm is almost dead.
You feel sick. The hornet stings you.
* * * LOW HITPOINT WARNING * * *
The lindwurm barely misses you.
The lindwurm claws you but does no damage. x2
The hornet stings you but does no damage.
You feel much better.
You feel very sick.
The hornet stings you but does no damage. x2
The lindwurm breathes flames at you. The blast of flame hits you!!
* * * LOW HITPOINT WARNING * * *
The hornet stings you!
You die...

##.#. .##.#..
.....P.## ###
#.......## ##..
#.P....## #...
####.†..### #..
##.....### #.k###
####..#.....#
#)y♣.###P....###....
##.y........## ##...
###....##### #.##
###### ####


You could see a lindwurm (catching breath) and 2 hornets.

Vanquished Creatures
  An ice dragon (Lair:5)
  Fannar (D:10)
  3 hydras
  A boulder beetle (Lair:5)
  A catoblepas (Lair:5)
  3 death yaks
  Amaemon (D:10)
  2 skeletal warriors (Volcano)
  A skyshark (Lair:4)
  A swamp dragon (Lair:4)
  An obsidian statue (D:9)
  Pikel (D:7)
  An anaconda skeleton (Volcano)
  A wolf spider (Lair:2)
  An elephant (Lair:5)
  3 black mambas
  Joseph (D:10)
  An orange demon (D:10)
  4 gargoyles
  Maggie (D:7)
  3 torpor snails
  17 cane toads
  9 komodo dragons
  4 polar bears
  4 hornets (Lair:5)
  4 blink frogs
  4 dream sheep
  Sigmund (D:3)
  2 alligator skeletons (Volcano)
  A slime creature (D:8)
  3 flying skulls (Volcano)
  2 wraiths
  Grum (D:10)
  5 wyverns
  62 yaks
  3 redbacks (Lair:2)
  3 steam dragons
  4 basilisks
  2 acid dragons
  12 water moccasins
  Duvessa (D:7)
  3 black bears
  An ice beast (D:5)
  A sky beast (D:6)
  4 orc warriors
  14 wolves
  10 centaurs
  3 phantoms
  2 lemures (D:7)
  5 kobold brigands
  10 bullfrogs
  2 scorpions (D:5)
  8 wights
  Dowan (D:7)
  An oklob sapling (D:5)
  6 howler monkeys
  3 electric eels (Lair:1)
  3 jellies
  7 orc priests
  3 gnoll boudas
  A sleepcap (D:7)
  Jessica (D:3)
  3 iguanas
  Natasha (thrice) (D:3)
  13 orc wizards
  2 naga skeletons (Volcano)
  3 adders
  21 gnolls
  3 white imps
  An ufetubus (D:3)
  2 worms
  4 dart slugs
  33 orcs
  5 bats
  13 endoplasms
  4 giant cockroaches
  8 goblins
  8 hobgoblins
  7 jackals
  3 quokkas
  5 ball pythons
  5 frilled lizards
  19 kobolds
  3 rats
434 creatures vanquished.

Vanquished Creatures (others)
  An orc (D:7)
1 creature vanquished.

Grand Total: 435 creatures vanquished

Notes
Turn   | Place    | Note
-------+----------+-------------------------------------------
     0 | D:1      | Midn8 the Octopode Shapeshifter began the quest for the
                  | Orb.
     0 | D:1      | Reached XP level 1. HP: 14/14 MP: 1/1
    81 | D:1      | Reached XP level 2. HP: 17/19 MP: 2/2
   323 | D:1      | Reached skill level 3 in Unarmed Combat
   506 | D:1      | Reached XP level 3. HP: 21/24 MP: 3/3
  1092 | D:2      | Reached skill level 4 in Unarmed Combat
  1172 | D:2      | Found a shimmering blue altar of Sif Muna.
  1363 | D:2      | Reached XP level 4. HP: 24/29 MP: 4/4
  1396 | D:3      | Noticed Jessica
  1447 | D:3      | Noticed Sigmund
  1527 | D:3      | Killed Jessica
  1540 | D:2      | Reached skill level 5 in Unarmed Combat
  1540 | D:2      | Reached XP level 5. HP: 3/34 MP: 5/5
  1680 | D:3      | Killed Sigmund
  1681 | D:3      | Reached skill level 6 in Unarmed Combat
  1681 | D:3      | Reached XP level 6. HP: 42/42 MP: 6/6
  1750 | D:3      | Noticed Natasha
  1759 | D:3      | Killed Natasha
  1938 | D:3      | Noticed Natasha
  1944 | D:3      | Killed Natasha
  2200 | D:3      | Noticed Natasha
  2214 | D:3      | Killed Natasha
  2215 | D:3      | Reached XP level 7. HP: 48/48 MP: 7/7
  2608 | D:4      | Identified the amulet "Teloxatt" {Acrobat Regen+}
  3100 | D:5      | Entered Level 5 of the Dungeon
  3186 | D:5      | Reached skill level 7 in Unarmed Combat
  3294 | D:5      | Found a staircase to the Ecumenical Temple.
  3306 | Temple   | Entered the Ecumenical Temple
  3599 | Temple   | Became a worshipper of Warmaster Okawaru
  3727 | D:5      | Reached XP level 8. HP: 54/54 MP: 8/8
  3800 | D:5      | Found a shimmering altar of Xom.
  3818 | D:5      | Reached skill level 8 in Unarmed Combat
  4260 | D:5      | Reached skill level 5 in Fighting
  4401 | D:6      | Identified the amulet "Zubrit" {Acrobat Dex+4}
  4410 | D:6      | Reached * piety under Okawaru
  4459 | D:6      | Noticed a gargoyle
  4464 | D:6      | Noticed a wraith
  4467 | D:6      | Killed a gargoyle
  4468 | D:6      | Reached XP level 9. HP: 25/63 MP: 12/12
  4656 | D:6      | Identified the +7 war axe of Superiority {spect, Str+4}
  5357 | D:7      | Noticed Maggie
  5360 | D:7      | Reached ** piety under Okawaru
  5419 | D:7      | Killed Maggie
  5420 | D:7      | Reached skill level 9 in Unarmed Combat
  5437 | D:7      | Found a blossoming altar of Fedhas.
  5445 | D:7      | Found a radiant altar of Vehumet.
  5543 | D:7      | Reached skill level 10 in Unarmed Combat
  5749 | D:7      | Noticed Dowan
  5750 | D:7      | Noticed Duvessa
  5763 | D:7      | Killed Dowan
  5771 | D:7      | Killed Duvessa
  5772 | D:7      | Reached skill level 5 in Dodging
  5772 | D:7      | Reached XP level 10. HP: 63/72 MP: 13/13
  5815 | D:7      | Noticed Pikel
  5885 | D:7      | Killed Pikel
  5885 | D:7      | Reached *** piety under Okawaru
  6305 | D:8      | Reached skill level 11 in Unarmed Combat
  6552 | D:8      | Reached skill level 5 in Shapeshifting
  6625 | D:8      | Found an opulent altar of Gozag.
  6972 | D:8      | Reached **** piety under Okawaru
  7116 | D:9      | Received a gift from Okawaru
  7208 | D:8      | Reached XP level 11. HP: 70/77 MP: 14/14
  7421 | D:9      | Received a gift from Okawaru
  7712 | D:9      | Noticed an obsidian statue
  7721 | D:9      | Noticed a soul eater
  7721 | D:9      | Noticed a soul eater
  7723 | D:9      | Killed an obsidian statue
  7765 | D:9      | Found a burning altar of Makhleb.
  7768 | D:9      | Found a basalt altar of Yredelemnul.
  7772 | D:9      | Found a glowing silver altar of Zin.
  7787 | D:10     | Entered Level 10 of the Dungeon
  7828 | D:10     | Noticed Amaemon
  7852 | D:10     | Killed Amaemon
  7852 | D:10     | Reached ***** piety under Okawaru
  7941 | D:10     | Found a staircase to the Lair.
  7956 | D:10     | Noticed Joseph
  7981 | D:10     | Killed Joseph
  8215 | D:10     | Noticed Fannar
  8225 | D:10     | Killed Fannar
  8225 | D:10     | Received a gift from Okawaru
  8275 | D:10     | Noticed Grum
  8292 | D:10     | Killed Grum
  8406 | D:10     | Found an ornate altar of the Wu Jian Council.
  8452 | D:10     | Reached skill level 12 in Unarmed Combat
  8714 | Lair:1   | Entered Level 1 of the Lair of Beasts
  8828 | Lair:1   | Reached XP level 12. HP: 80/86 MP: 15/15
  8906 | Lair:1   | Reached skill level 10 in Fighting
  9014 | Lair:1   | Received a gift from Okawaru
  9014 | Lair:1   | Reached ****** piety under Okawaru
  9172 | Lair:1   | Received a gift from Okawaru
  9238 | Lair:1   | Reached skill level 5 in Invocations
 10063 | Lair:2   | Noticed a death yak
 10065 | Lair:2   | Noticed a death yak
 10086 | Lair:2   | Noticed a death yak
 10092 | Lair:2   | Killed a death yak
 10099 | Lair:2   | Killed a death yak
 10156 | Lair:2   | Noticed a six-headed hydra
 10167 | Lair:2   | Killed a six-headed hydra
 10257 | Lair:2   | Found a hole to the Spider Nest.
 10264 | Lair:2   | Reached skill level 13 in Unarmed Combat
 10345 | Lair:2   | Found a staircase to the Shoals.
 10364 | Lair:2   | Reached XP level 13. HP: 92/92 MP: 18/18
 11344 | Lair:3   | Reached skill level 14 in Unarmed Combat
 11369 | Lair:3   | Reached skill level 1 in Throwing
 11830 | Lair:4   | Received a gift from Okawaru
 11854 | Lair:4   | Found a dark tunnel.
 11862 | Volcano  | Entered a volcano
 11883 | Volcano  | Reached skill level 5 in Throwing
 12057 | Volcano  | Identified the +6 great mace of Deflation {antimagic, rPois
                  | rF+ SInv Stlth+} (Okawaru gifted it to you in a volcano)
 12057 | Volcano  | Received a gift from Okawaru
 13031 | Lair:5   | Entered Level 5 of the Lair of Beasts
 13154 | Lair:5   | Received a gift from Okawaru
 13249 | Lair:5   | Reached XP level 14. HP: 103/103 MP: 19/19
 13368 | Lair:5   | Found a viscous altar of Jiyva.
 13368 | Lair:5   | Found a staircase to the Slime Pits.
 13625 | Lair:5   | Received a gift from Okawaru
 13690 | Lair:5   | Reached skill level 10 in Dodging
 13970 | Lair:5   | Found a runed translucent door.
 14105 | Lair:5   | Received a gift from Okawaru
 14112 | Lair:5   | Paralysed by a hornet for 2 turns
 14132 | Lair:5   | HP: 7/154 [hornet (2)]
 14133 | Lair:5   | Slain by a hornet

Illustrated notes

Levels and vault maps discovered:
D:1:      sevenhm_arrival_forest_fort_small_3, layout_basic
D:2:      layout_rooms, basic_altar, minmay_tromino_i2
D:3:      wander_river, layout_rooms, dreamdust_princess_bridge, uniq_natasha,
          uniq_sigmund, uniq_jessica
D:4:      layout_basic
D:5:      layout_basic, nicolae_overflow_crystal_walls,
          minmay_temple_entry_oklob, serial_bayou, serial_bayou_shore_a,
          serial_bayou_pond_e, serial_bayou_ford_a, serial_bayou_lagoon_a
D:6:      layout_cave_pods, minmay_manual_macuahuitl
D:7:      layout_cave_pools, minitemple, uniq_pikel, uniq_maggie, uniq_duvessa
D:8:      cheibrodos_fertilizer, layout_loops_ring, nicolae_gozag_seed_capital
D:9:      layout_cave_pools, grunt_temple_overflow_diamond, minmay_statue_bubble
D:10:     layout_layer_cave, kennysheep_little_box, lair_entry_dummy,
          uniq_amaemon, uniq_fannar, uniq_joseph, uniq_grum
Temple:   eino_temple_water
Lair:1:   layout_chaotic_city, beast_lair_carwin_6
Lair:2:   layout_regular_city, minmay_shoals_entry_centaurs,
          spider_nest_entry_funnel_web
Lair:3:   layout_cave_pods, wad_woods_03
Lair:4:   layout_cave_pods, lightli_volcano_entry_magma_tube, st_stairs_5,
          hibernation_bobbens
Lair:5:   wormcave, layout_regular_city, hangedman_lair_in_review,
          dpeg_slime_entry_corner

Skill      XL: |  1  2  3  4  5  6  7  8  9 10 11 12 13 14 |
---------------+-------------------------------------------+-----
Unarmed Combat | 3 4 5 6 7 8 10 11 12 13 14 | 14.5
Fighting       | 3 4 6 8 9 10 12 | 12.0
Dodging        | 3 5 8 10 | 10.0
Invocations    | 4 7 |  7.0
Shapeshifting  | 6 9 |  9.0
Throwing       | 6 |  6.0

Action                     |  1- 3 |  4- 6 |  7- 9 | 10-12 | 13-15 || total
---------------------------+-------+-------+-------+-------+-------++-------
  Melee: Unarmed           |    80 |    68 |   218 |   498 |   399 ||  1263
         Constrict         |    25 |    15 |    49 |   113 |    88 ||   290
         Tentacles         |    17 |     6 |    64 |    72 |       ||   159
         Punch             |     1 |     2 |    19 |    16 |     2 ||    40
 Invoke: Heroism           |       |       |     2 |     6 |     2 ||    10
         Finesse           |       |       |       |       |     1 ||     1
    Use: Potion            |       |     1 |     1 |       |     3 ||     5
         Scroll            |       |       |    14 |     7 |     2 ||    23
   Stab: Sleeping          |     8 |     2 |     8 |     1 |     3 ||    22
         Distracted        |       |       |     1 |     2 |       ||     3
 Armour: Skin              |     9 |    15 |    22 |    68 |   107 ||   221
  Dodge: Dodged            |    47 |    24 |   125 |   366 |   298 ||   860
  Block: Buckler           |       |       |       |    37 |     5 ||    42
   Form: Anaconda          |       |       |       |     2 |       ||     2
         Beast             |       |       |       |     1 |       ||     1

Table legend: (Time is in decaauts)
 A = Elapsed time spent in this place.
 B = Non-inter-level travel time spent in this place.
 C = Inter-level travel time spent in this place.
 D = Time resting spent in this place.
 E = Time spent auto-exploring this place.
 F = Levels seen in this place.
 G = Mean time per level.
                   A        B        C        D        E       F      G
               +--------+--------+--------+--------+--------+-----+--------+
         Total |  13914 |  13365 |    549 |   1424 |   8549 |  17 |  818.5 |
       Dungeon |   8330 |   7901 |    429 |    861 |   5121 |  10 |  833.0 |
        Temple |    309 |    294 |     15 |      0 |    245 |   1 |  309.0 |
          Lair |   5033 |   4928 |    105 |    531 |   3168 |   5 | 1006.6 |
       Volcano |    240 |    240 |      0 |     32 |     15 |   1 |  240.0 |
               +--------+--------+--------+--------+--------+-----+--------+

Top non-repeatable levels by time:
  Lair:4: 1239 daAuts
     D:8: 1117 daAuts
     D:6: 1075 daAuts
  Lair:2: 1062 daAuts
  Lair:5: 1026 daAuts
     D:1: 940 daAuts
    D:10: 915 daAuts
  Lair:1: 898 daAuts
     D:5: 885 daAuts
     D:4: 874 daAuts
  Lair:3: 806 daAuts
     D:3: 653 daAuts
     D:7: 639 daAuts
     D:2: 621 daAuts
     D:9: 607 daAuts
